 Dungeon Sprint DCSS version 0.17-a0-1920-gafa4d75 (webtiles) character file.

15328 Kidiri the Unseen (level 12, 0/51 HPs)
             Began as a Spriggan Enchanter on Sept 27, 2015.
             Was the Champion of Dithmenos.
             Slain by a greater naga
             ... wielding a +0 flail
              (6 damage)
             ... in the Dungeon (Sprint III: "The Ten Rune Challenge").
             The game lasted 00:13:34 (2624 turns).

Kidiri the Unseen (Spriggan Enchanter)              Turns: 2624, Time: 00:13:34

Health: 0/51       AC:  6    Str:  4    XL:     12   Next: 0%
Magic:  14/32      EV: 34    Int: 20    God:    Dithmenos [******]
Gold:   8          SH:  0    Dex: 20    Spells: 9 memorised, 7 levels left

rFire  . . .     SeeInvis +     a - +1 dagger
rCold  . . .     Clarity  .     b - +1 robe
rNeg   . . .     SustAt   .     (shield restricted)
rPois  .         Gourm    .     (helmet restricted)
rElec  .         Spirit   .     k - +0 cloak
rCorr  .         Warding  .     (gloves unavailable)
rMut   .         NoTele   +     (boots unavailable)
MR     +++..                    (no amulet)
Stlth  ++++++++++               (no ring)
                                (no ring)

@: wreathed by umbra, constricted, very quick, extremely resistant to hostile
enchantments, uncannily stealthy
A: unfitting armour, repulsion field 1, slimy green scales 1, see invisible,
clever 1, herbivore 3, speed 3, magic resistance 1, mutation resistance 1, slow
metabolism 2
a: Shadow Step, Shadow Form, Renounce Religion


You were in the Dungeon.
You worshipped Dithmenos.
Dithmenos was exalted by your worship.
You were hungry.

You visited 1 branch You collected 8 gold pieces.

Inventory:

Hand weapons
 a - a +1 dagger (weapon)
Armour
 b - a +1 robe (worn)
 k - a +0 cloak (worn)
Magical devices
 m - a wand of polymorph (11)
Scrolls
 j - a scroll of blinking
 n - 3 scrolls of identify
 o - 2 scrolls of remove curse
Potions
 h - a potion of magic
 i - a potion of berserk rage
 l - a potion of might
 p - 4 potions of cure mutation
 q - 3 potions of flight
Books
 g - a book of Ice

   Spells                             Type                      Level
   a - Ice Form                       Ice/Transmutation            4
   b - Metabolic Englaciation         Hexes/Ice                    5
   c - Ozocubu's Refrigeration        Ice                          6
   d - Bolt of Cold                   Conjuration/Ice              6
   e - Freezing Cloud                 Conjuration/Ice/Air          6
   f - Simulacrum                     Ice/Necromancy               6
Comestibles
 d - 3 bread rations
 f - 6 fruits
 r - 25 royal jellies


   Skills:
 * Level 13.7 Short Blades
 * Level 17.4 Dodging
 * Level 19.1 Stealth
 * Level 15.0 Spellcasting
 + Level 6.6 Conjurations
 + Level 11.6 Hexes
 + Level 9.6 Translocations
 + Level 7.6 Ice Magic
 - Level 3.2 Invocations


You had 7 spell levels left.
You knew the following spells:

 Your Spells              Type           Power        Failure   Level  Hunger
a - Corona                Hex            ######.      1%          1    None
b - Ensorcelled Hibernat  Hex/Ice        ######       1%          2    None
c - Confuse               Hex            ######..     1%          3    None
d - Tukima's Dance        Hex            ######..     1%          3    None
e - Dazzling Spray        Conj/Hex       ######..     1%          3    None
f - Darkness              Hex            ######....   8%          6    #####..
g - Mass Confusion        Hex            ######....   8%          6    #####..
h - Phase Shift           Tloc           ######....   2%          5    ###....
i - Metabolic Englaciati  Hex/Ice        ######....   2%          5    ###....


Dungeon Overview and Level Annotations

Branches:
Dungeon (1/1)

Altars:
Cheibriados
Dithmenos
Elyvilon
Fedhas
Gozag
Kikubaaqudgha
Makhleb
Nemelex Xobeh
Okawaru
Qazlal
Ru
Sif Muna
Trog
Vehumet
Xom
Yredelemnul
Zin
The Shining One
Jiyva
Lugonu

Shops:
D }[%


Innate Abilities, Weirdness & Mutations

You are tiny and cannot use many weapons and most armour.
You have supernaturally acute eyesight.
You are a herbivore.
You cover ground extremely quickly.
You need consume almost no food.
You are surrounded by a mild repulsion field (EV +2).
You are partially covered in slimy green scales (AC +2).
Your mind is acute. (Int +2)
You are resistant to hostile enchantments.
You are somewhat resistant to further mutation.


Message History

The greater naga completely misses you.
* * * LOW HITPOINT WARNING * * *
You emit a cloud of dark smoke.
The greater naga constricts you!
Unknown command.
Your attempt to break free from the greater naga fails, but you feel that another attempt might succeed.
The naga hits the greater naga with a hand axe.
The naga hits you with a hand axe.
* * * LOW HITPOINT WARNING * * *
The naga barely misses your halberd.
Your halberd hits the naga warrior from afar!!
The naga warrior closely misses you.
Read which item? (? for menu, Esc to quit)
Okay, then.
Drink which item? (? for menu, Esc to quit)
You feel better.
Your halberd hits the naga warrior from afar!!
The greater naga hits you with a flail!
* * * LOW HITPOINT WARNING * * *
You emit a cloud of dark smoke.
You die...

#..%%..%.....#
###########%.#
##...........#
#...........##
#..##########
#......%....##
##...).%.....#
##########..#
#§N@§.......#
#∩§NN(......##
#§.##########
#∩. ##


You could see a naga warrior, a greater naga, a naga (confused) and a friendly
halberd.

Vanquished Creatures
  Maud (D)
  Snorg (D)
  2 hydras (D)
  4 anacondas (D)
  A centaur warrior (D)
  2 unseen horrors (D)
  A spriggan druid (D)
  A death drake (D)
  A lindwurm (D)
  4 black mambas (D)
  2 spiny frogs (D)
  3 wandering mushrooms (D)
  A komodo dragon (D)
  A deep elf priest (D)
  3 redbacks (D)
  2 spriggans (D)
  A shadow (D)
  A spatial vortex (D)
  4 water moccasins (D)
  2 centaurs (D)
  A necrophage (D)
  An earth elemental (D)
  2 brain worms (D)
  A water elemental (D)
  20 killer bees (D)
  An electric eel (D)
  A jelly (D)
  Crazy Yiuf (D)
  A necromancer (D)
  A wizard (D)
  3 humans (D)
  A kobold demonologist (D)
  5 adders (D)
  An ooze (D)
  3 rats (D)
81 creatures vanquished.

Vanquished Creatures (collateral kills)
  A naga (D)
  6 killer bees (D)
7 creatures vanquished.

Vanquished Creatures (others)
  2 draconian scorchers (D)
  A queen bee (D)
  A yaktaur (D)
  6 killer bees (D)
  3 plants (D)
13 creatures vanquished.

Grand Total: 101 creatures vanquished

Notes
Turn   | Place    | Note
--------------------------------------------------------------
     0 | D        | Kidiri the Spriggan Enchanter began the quest for the Orb.
     0 | D        | Reached XP level 1. HP: 9/9 MP: 5/5
     9 | D        | Reached skill level 5 in Stealth
    48 | D        | Noticed Crazy Yiuf
    51 | D        | Killed Crazy Yiuf
    51 | D        | Reached skill level 5 in Dodging
    51 | D        | Reached skill level 6 in Stealth
    51 | D        | Reached XP level 2. HP: 13/13 MP: 6/8
    51 | D        | Reached XP level 3. HP: 16/16 MP: 6/9
    59 | D        | Learned a level 2 spell: Ensorcelled Hibernation
    60 | D        | Killed a yaktaur
    63 | D        | Learned a level 3 spell: Confuse
    68 | D        | Reached skill level 7 in Stealth
    73 | D        | Learned a level 3 spell: Tukima's Dance
   102 | D        | Gained mutation: You are resistant to hostile enchantments. [potion of mutation]
   102 | D        | Gained mutation: You are partially covered in slimy green scales (AC +2). [potion of mutation]
   103 | D        | Gained mutation: You are surrounded by a mild repulsion field (EV +2). [potion of mutation]
   103 | D        | Gained mutation: You are somewhat resistant to further mutation. [potion of mutation]
   103 | D        | Gained mutation: Your mind is acute. (Int +2) [potion of mutation]
   135 | D        | Noticed a water elemental
   205 | D        | Killed a white draconian scorcher
   244 | D        | Killed a water elemental
   244 | D        | Reached skill level 8 in Stealth
   244 | D        | Reached skill level 5 in Spellcasting
   244 | D        | Reached skill level 5 in Hexes
   244 | D        | Reached skill level 1 in Ice Magic
   244 | D        | Reached XP level 4. HP: 21/21 MP: 10/12
   258 | D        | Killed a white draconian scorcher
   269 | D        | Learned a level 3 spell: Dazzling Spray
   295 | D        | Noticed a jelly
   296 | D        | Noticed a shadow
   356 | D        | HP: 1/21 [shadow (9)]
   378 | D        | Killed a shadow
   378 | D        | Reached skill level 5 in Short Blades
   378 | D        | Reached skill level 9 in Stealth
   378 | D        | Reached skill level 1 in Conjurations
   378 | D        | Reached XP level 5. HP: 18/24 MP: 1/15
   520 | D        | Killed a jelly
   520 | D        | Reached XP level 6. HP: 28/28 MP: 17/17
   526 | D        | Found a stormy altar of Qazlal.
   527 | D        | Found a sacrificial altar of Ru.
   527 | D        | Found a burning altar of Makhleb.
   527 | D        | Found a viscous altar of Jiyva.
   527 | D        | Found a shimmering altar of Xom.
   527 | D        | Found a shadowy altar of Dithmenos.
   527 | D        | Found a sparkling altar of Nemelex Xobeh.
   527 | D        | Found a corrupted altar of Lugonu.
   527 | D        | Found an opulent altar of Gozag.
   527 | D        | Noticed a spatial vortex
   533 | D        | Became a worshipper of Dithmenos the Shadowed
   553 | D        | Killed a spatial vortex
   553 | D        | Reached skill level 10 in Stealth
   553 | D        | Reached skill level 1 in Invocations
   723 | D        | Found a radiant altar of Vehumet.
   724 | D        | Found a deep blue altar of Sif Muna.
   724 | D        | Found an ancient bone altar of Kikubaaqudgha.
   724 | D        | Noticed a wizard
   725 | D        | Killed a wizard
   744 | D        | Learned a level 6 spell: Darkness
   796 | D        | Found a glowing silver altar of Zin.
   797 | D        | Found a glowing golden altar of the Shining One.
   797 | D        | Found a white marble altar of Elyvilon.
   797 | D        | Noticed a deep elf priest
   804 | D        | Killed a deep elf priest
   804 | D        | Reached skill level 10 in Dodging
   804 | D        | Reached skill level 11 in Stealth
   804 | D        | Reached XP level 7. HP: 17/32 MP: 8/19
   960 | D        | Found an iron altar of Okawaru.
   961 | D        | Found a bloodstained altar of Trog.
   961 | D        | Noticed a human
   961 | D        | Noticed a human
   963 | D        | Killed a human
   964 | D        | Killed a human
   964 | D        | Reached skill level 12 in Stealth
   983 | D        | Found a snail-covered altar of Cheibriados.
   983 | D        | Noticed a necrophage
   984 | D        | Found a basalt altar of Yredelemnul.
   984 | D        | Found a blossoming altar of Fedhas.
   984 | D        | Noticed a necromancer
   985 | D        | Killed a necrophage
   985 | D        | Acquired Dithmenos's first power
   986 | D        | Killed a necromancer
   986 | D        | Reached XP level 8. HP: 36/36 MP: 22/22
   997 | D        | Learned a level 6 spell: Mass Confusion
  1013 | D        | Noticed Snorg
  1034 | D        | Killed Snorg
  1034 | D        | Reached skill level 13 in Stealth
  1034 | D        | Reached skill level 10 in Spellcasting
  1073 | D        | Noticed an earth elemental
  1076 | D        | Killed an earth elemental
  1081 | D        | Noticed a centaur
  1081 | D        | Noticed a centaur warrior
  1081 | D        | Noticed a centaur
  1093 | D        | Killed a centaur warrior
  1093 | D        | Reached skill level 14 in Stealth
  1093 | D        | Reached skill level 5 in Ice Magic
  1093 | D        | Reached XP level 9. HP: 23/39 MP: 19/25
  1098 | D        | Killed a centaur
  1098 | D        | Acquired Dithmenos's second power
  1098 | D        | Reached skill level 10 in Short Blades
  1179 | D        | Killed a centaur
  1197 | D        | Learned a level 5 spell: Phase Shift
  1399 | D        | Noticed an unseen horror
  1399 | D        | Noticed an unseen horror
  1400 | D        | Killed an unseen horror
  1402 | D        | Killed an unseen horror
  1402 | D        | Reached skill level 15 in Stealth
  1412 | D        | Noticed a killer bee
  1412 | D        | Noticed a killer bee
  1412 | D        | Noticed a killer bee
  1412 | D        | Noticed a killer bee
  1412 | D        | Noticed a killer bee
  1412 | D        | Noticed a killer bee
  1412 | D        | Noticed a killer bee
  1412 | D        | Noticed a killer bee
  1412 | D        | Noticed a killer bee
  1412 | D        | Noticed a killer bee
  1412 | D        | Noticed a queen bee
  1412 | D        | Noticed a killer bee
  1412 | D        | Noticed a killer bee
  1412 | D        | Noticed a killer bee
  1412 | D        | Noticed a killer bee
  1413 | D        | Noticed a killer bee
  1413 | D        | Noticed a killer bee
  1413 | D        | Noticed a killer bee
  1413 | D        | Noticed a killer bee
  1413 | D        | Noticed a killer bee
  1413 | D        | Noticed a killer bee
  1413 | D        | Noticed a killer bee
  1413 | D        | Noticed a killer bee
  1413 | D        | Noticed a killer bee
  1413 | D        | Noticed a killer bee
  1413 | D        | Noticed a killer bee
  1413 | D        | Noticed a killer bee
  1413 | D        | Noticed a killer bee
  1413 | D        | Noticed a killer bee
  1413 | D        | Noticed a killer bee
  1413 | D        | Noticed a killer bee
  1413 | D        | Noticed a killer bee
  1413 | D        | Noticed a killer bee
  1414 | D        | Killed a killer bee
  1415 | D        | Killed a killer bee
  1415 | D        | Acquired Dithmenos's third power
  1417 | D        | Killed a killer bee
  1417 | D        | Killed a killer bee
  1417 | D        | Killed a killer bee
  1418 | D        | Killed a killer bee
  1418 | D        | Killed a killer bee
  1418 | D        | Killed a killer bee
  1419 | D        | Killed a killer bee
  1419 | D        | Acquired Dithmenos's fourth power
  1419 | D        | Killed a killer bee
  1420 | D        | Killed a killer bee
  1420 | D        | Reached XP level 10. HP: 34/44 MP: 16/27
  1420 | D        | Killed a killer bee
  1420 | D        | Killed a killer bee
  1420 | D        | Killed a killer bee
  1422 | D        | Killed a killer bee
  1423 | D        | Killed a killer bee
  1425 | D        | Killed a killer bee
  1425 | D        | Killed a killer bee
  1425 | D        | Killed a killer bee
  1426 | D        | Killed a killer bee
  1428 | D        | Killed a killer bee
  1428 | D        | Killed a killer bee
  1428 | D        | Killed a killer bee
  1429 | D        | Killed a killer bee
  1431 | D        | Killed a killer bee
  1433 | D        | Killed a killer bee
  1439 | D        | Killed a killer bee
  1444 | D        | Killed a queen bee
  1585 | D        | Killed a killer bee
  1587 | D        | Killed a killer bee
  1590 | D        | Killed a killer bee
  1592 | D        | Killed a killer bee
  1594 | D        | Killed a killer bee
  1743 | D        | Noticed a wandering mushroom
  1744 | D        | Noticed a wandering mushroom
  1744 | D        | Noticed a wandering mushroom
  1745 | D        | Killed a wandering mushroom
  1745 | D        | Reached skill level 5 in Conjurations
  1753 | D        | Killed a wandering mushroom
  1753 | D        | Reached skill level 5 in Translocations
  1758 | D        | Killed a wandering mushroom
  1758 | D        | Reached skill level 16 in Stealth
  1772 | D        | Learned a level 5 spell: Metabolic Englaciation
  1843 | D        | Noticed a spiny frog
  1843 | D        | Noticed a komodo dragon
  1843 | D        | Noticed a spiny frog
  1846 | D        | Killed a komodo dragon
  1848 | D        | Killed a spiny frog
  1848 | D        | Reached skill level 10 in Hexes
  1850 | D        | Killed a spiny frog
  1850 | D        | Reached skill level 15 in Dodging
  1856 | D        | Noticed a redback
  1858 | D        | Killed a redback
  1859 | D        | Noticed a brain worm
  1862 | D        | Killed a brain worm
  1867 | D        | Noticed a brain worm
  1869 | D        | Killed a brain worm
  1874 | D        | Noticed a lindwurm
  1876 | D        | Noticed a redback
  1877 | D        | Killed a lindwurm
  1879 | D        | Killed a redback
  1883 | D        | Noticed a redback
  1884 | D        | Killed a redback
  1885 | D        | Noticed Maud
  1887 | D        | Killed Maud
  1887 | D        | Reached skill level 17 in Stealth
  1887 | D        | Reached XP level 11. HP: 47/47 MP: 29/29
  1966 | D        | Noticed an electric eel
  1967 | D        | Noticed a four-headed hydra
  1967 | D        | Noticed a seven-headed hydra
  1970 | D        | Killed an electric eel
  1972 | D        | Killed a four-headed hydra
  1973 | D        | Killed a seven-headed hydra
  2011 | D        | Noticed a death drake
  2014 | D        | Killed a death drake
  2021 | D        | Found a blossoming altar of Fedhas.
  2021 | D        | Noticed a spriggan
  2021 | D        | Noticed a spriggan druid
  2021 | D        | Noticed a spriggan
  2023 | D        | Killed a spriggan druid
  2023 | D        | Reached skill level 18 in Stealth
  2024 | D        | Killed a spriggan
  2025 | D        | Killed a spriggan
  2051 | D        | Noticed a water moccasin
  2051 | D        | Noticed a black mamba
  2051 | D        | Noticed a water moccasin
  2051 | D        | Noticed an anaconda
  2051 | D        | Noticed a black mamba
  2051 | D        | Noticed an anaconda
  2051 | D        | Noticed an anaconda
  2052 | D        | Noticed an anaconda
  2053 | D        | Killed an anaconda
  2054 | D        | Killed a water moccasin
  2056 | D        | Killed a black mamba
  2057 | D        | Killed a black mamba
  2059 | D        | Killed an anaconda
  2073 | D        | Killed a water moccasin
  2075 | D        | Killed an anaconda
  2086 | D        | Noticed a water moccasin
  2344 | D        | Noticed a black mamba
  2355 | D        | Killed a black mamba
  2359 | D        | Killed an anaconda
  2455 | D        | Noticed a naga
  2458 | D        | Killed a naga
  2458 | D        | Reached skill level 19 in Stealth
  2460 | D        | Noticed a water moccasin
  2461 | D        | Killed a water moccasin
  2471 | D        | Killed a water moccasin
  2471 | D        | Reached skill level 15 in Spellcasting
  2542 | D        | Noticed a black mamba
  2549 | D        | Killed a black mamba
  2549 | D        | Reached XP level 12. HP: 42/51 MP: 16/32
  2617 | D        | Noticed a naga
  2618 | D        | Noticed a naga warrior
  2618 | D        | Noticed a greater naga
  2618 | D        | Found Mawaoqim's Gadget Shop.
  2618 | D        | Found Hulicawo's Antique Armour Shoppe.
  2618 | D        | Found Suaps's Food Boutique.
  2624 | D        | Slain by a greater naga

Vault maps used:
D:        dungeon_sprint_mu

Action                   |  1- 3 |  4- 6 |  7- 9 | 10-12 || total
-------------------------+-------+-------+-------+-------++-------
Melee: Dagger            |    23 |    40 |    18 |    71 ||   152
 Cast: Ensorcelled Hiber |     1 |       |     5 |    25 ||    31
       Corona            |     1 |       |       |       ||     1
       Dazzling Spray    |       |    14 |     3 |    13 ||    30
       Tukima's Dance    |       |     1 |       |     4 ||     5
       Confuse           |       |       |     1 |     1 ||     2
       Mass Confusion    |       |       |     1 |     3 ||     4
       Phase Shift       |       |       |       |     1 ||     1
Invok: Shadow Step       |       |       |       |     9 ||     9
  Use: Potion            |     4 |     3 |       |     2 ||     9
       Scroll            |     1 |       |       |       ||     1
 Stab: Sleeping          |     4 |     3 |    11 |    35 ||    53
       Invisible         |       |     1 |     1 |     6 ||     8
       Confused          |       |       |       |     2 ||     2
  Eat: Royal jelly       |       |       |       |     1 ||     1
